Map: Port Aleksander LE

Players

Snute - Winner!

  • Race: Zerg Zerg
  • Spawn Location: 5:00

SaLemandr

  • Race: Terran Terran
  • Spawn Location: 11:00

Event: 2019 WCS Spring

VOD

Have the link to the VOD?

Description

Time

  • Played on: May 17, 2019, 7:24 a.m.
  • Length: 14:19

All games in this series

Show
View Real Time Build Order
Export as new Build Order

Snute Zerg - Winner!

Build Orders: Hatch First 

Get SALT Encoding   

  12  0:00  Drone  
  13  0:12  Overlord  
  13  0:18  Drone  
  14  0:31  Drone x2  
  14  0:34  Drone  
  17  0:53  Hatchery  
  17  0:56  Drone  
  17  0:59  Drone  
  17  1:03  Extractor  
  17  1:15  Spawning Pool  
  17  1:18  Drone  
  17  1:21  Drone  
  18  1:28  Drone  
  19  1:38  Overlord  
  19  1:50  Drone  
  20  2:01  Queen  
  20  2:02  Zergling x2  
  20  2:05  Queen  
  20  2:06  Zergling x2  
  26  2:12  Zergling x2  
  26  2:14  Spine Crawler  
  26  2:25  Zergling x4  
  27  2:31  Zergling x2  
  27  2:35  Zergling x2  
  26  2:55  Roach Warren  
  24  3:06  Spine Crawler  
  23  3:13  Drone  
  23  3:18  Overlord  
  24  3:35  Roach x2  
  24  3:37  Roach  
  24  3:39  Roach  
  33  3:47  Roach  
  35  3:50  Roach  
  37  3:56  Overlord  
  37  4:19  Hatchery  
  36  4:24  Drone  
  36  4:25  Drone  
  38  4:35  Drone x2  
  38  4:37  Drone  
  41  4:46  Ravager  
  41  4:47  Ravager, Drone  
  41  4:50  Drone x2  
  46  5:05  Overlord  
  46  5:07  Metabolic Boost  
  46  5:16  Overlord  
  46  5:28  Drone x2  
  48  5:36  Hatchery  
  48  5:40  Drone x3  
  50  5:46  Drone x2  
  52  5:50  Drone  
  52  5:55  Drone x4  
  57  6:00  Overlord  
  57  6:05  Queen  
  59  6:13  Drone  
  59  6:14  Drone x2  
  64  6:20  Lair  
  64  6:22  Zergling x2  
  64  6:23  Extractor, Zergling x6  
  65  6:27  Spore Crawler  
  65  6:29  Spore Crawler  
  65  6:31  Zergling x4  
  65  6:32  Zergling x2  
  65  6:44  Queen  
  67  6:48  Drone x5  
  67  6:49  Drone  
  67  6:52  Baneling Nest  
  72  6:55  Drone x2  
  72  6:57  Drone  
  72  6:58  Drone  
  76  7:02  Drone x2  
  76  7:07  Drone  
  76  7:08  Overlord  
  79  7:10  Drone  
  79  7:16  Zergling x2  
  79  7:17  Zergling x2  
  79  7:19  Overlord  
  81  7:37  Baneling x10  
  81  7:40  Zergling x2  
  81  7:41  Zergling x18  
  91  7:47  Extractor  
  87  7:53  Baneling x3  
  86  7:59  Baneling x2  
  86  8:02  Zergling x10  
  85  8:09  Zergling x2  
  85  8:10  Zergling x8  
  76  8:17  Zergling x6  
  79  8:21  Zergling x8  
  79  8:25  Hatchery  
  82  8:30  Centrifical Hooks  
  82  8:36  Evolution Chamber  
  82  8:39  Evolution Chamber, Drone x2  
  82  8:40  Drone x2  
  84  8:45  Overlord  
  84  8:46  Zergling x6  
  86  8:59  Drone x2  
  88  9:03  Zerg Ground Armor Level 1  
  88  9:05  Zerg Melee Weapons Level 1  
  88  9:07  Drone x6  
  94  9:13  Drone x2  
  96  9:18  Queen  
  96  9:22  Drone  
  99  9:24  Overlord  
  99  9:30  Overlord  
  99  9:42  Zergling x12  
  105  9:48  Hatchery, Extractor  
  105  9:49  Hatchery, Extractor  
  101  9:57  Zergling x2  
  101  9:58  Zergling x4  
  104  10:04  Drone x3  
  107  10:11  Zergling x12  
  113  10:18  Burrow  
  113  10:19  Drone  
  113  10:20  Drone x3  
  113  10:21  Drone  
  118  10:30  Zergling x4  
  119  10:38  Zergling x4  
  119  10:39  Overlord x2  
  119  10:40  Overlord  
  121  10:49  Baneling x7  
  121  10:50  Baneling x8  
  121  10:51  Baneling x2  
  121  10:54  Overlord x2  
  121  10:58  Drone x6  
  127  11:07  Zergling x12  
  127  11:09  Zerg Ground Armor Level 2, Zerg Melee Weapons Level 2  
  124  11:23  Zergling x18  
  113  11:26  Zergling x2  
  113  11:30  Zergling x2  
  113  11:39  Zergling x2  
  110  11:40  Queen x3, Zergling x10  
  114  11:49  Zergling x22  
  119  11:57  Zergling x2  
  119  11:58  Zergling x6  
  123  12:05  Baneling  
  123  12:06  Baneling x11  
  123  12:07  Ravager  
  124  12:09  Zergling x2  
  124  12:10  Zergling x4  
  124  12:13  Baneling x4  
  124  12:14  Baneling x5  
  124  12:15  Baneling  
  127  12:19  Zergling x2  
  127  12:20  Zergling x8  
  132  12:23  Hatchery, Baneling x5  
  132  12:24  Baneling x2  
  131  12:33  Baneling x11  
  131  12:34  Baneling x5  
  131  12:37  Zergling x12  
  132  12:41  Zergling x2  
  132  12:42  Zergling x8  
  142  13:01  Overlord  
  142  13:03  Drone x2  
  142  13:04  Infestation Pit  
  142  13:05  Zergling x24  
  145  13:06  Zergling x8  
  159  13:21  Zergling x2  
  159  13:22  Zergling x20  
  170  13:29  Zergling x2  
  170  13:30  Zergling x14  
  165  13:44  Zergling x14  
  172  13:50  Zergling x8  
  175  13:56  Baneling  
  175  13:57  Baneling x27  
Show
View Real Time Build Order
Export as new Build Order

SaLemandr Terran 

Build Orders:  

Get SALT Encoding   

  12  0:00  SCV  
  13  0:12  SCV  
  14  0:18  Supply Depot  
  14  0:25  SCV  
  15  0:43  Barracks  
  15  0:54  Barracks  
  15  1:07  Barracks  
  15  1:11  SCV  
  16  1:20  Supply Depot  
  16  1:29  SCV, Marine  
  18  1:41  SCV, Marine  
  20  1:47  Marine  
  22  1:54  SCV, Marine  
  22  1:58  Marine  
  24  2:07  Marine  
  25  2:10  Supply Depot  
  25  2:18  Bunker  
  25  2:21  Marine  
  25  2:22  Marine  
  26  2:25  Marine  
  25  2:39  Marine x2  
  25  2:40  Bunker  
  27  2:48  Marine  
  28  2:57  Marine x2  
  28  2:58  Orbital Command  
  30  3:10  Refinery  
  30  3:32  SCV  
  31  3:38  Command Center  
  31  3:44  Refinery  
  31  3:45  SCV  
  32  4:00  Supply Depot  
  32  4:01  SCV  
  33  4:13  SCV  
  33  4:15  Factory  
  34  4:27  SCV  
  34  4:30  Barracks Reactor, Barracks Tech Lab  
  35  4:43  Barracks Tech Lab  
  35  4:44  Bunker  
  34  4:49  Marauder  
  34  4:50  SCV, Orbital Command  
  37  5:01  Widow Mine  
  37  5:03  Supply Depot  
  37  5:04  Marauder  
  37  5:06  Marine  
  42  5:08  Marine  
  43  5:18  Concussive Shells, Stimpack  
  43  5:23  SCV  
  43  5:27  Factory Tech Lab  
  44  5:29  Marine  
  44  5:32  Marine  
  44  5:35  Orbital Command  
  46  5:43  SCV  
  47  5:52  Supply Depot  
  47  5:54  Marine, Supply Depot  
  48  6:00  SCV  
  48  6:01  Combat Shield  
  49  6:05  SCV  
  49  6:09  Siege Tank  
  49  6:11  Marine  
  53  6:13  SCV, Marine x2  
  57  6:19  Supply Depot  
  57  6:20  SCV  
  57  6:23  Marine  
  59  6:29  Marine  
  59  6:31  Marine  
  61  6:33  Marine  
  61  6:35  Starport  
  61  6:37  SCV  
  63  6:40  SCV, Marine  
  63  6:46  Marine  
  66  6:49  Marine  
  66  6:51  Marine  
  66  6:54  Engineering Bay  
  68  6:55  SCV  
  68  6:56  SCV, Supply Depot  
  68  6:58  Marine  
  71  7:04  Marine  
  71  7:07  SCV, Marine  
  74  7:09  Siege Tank  
  74  7:10  SCV  
  78  7:17  Marine  
  78  7:18  Marauder  
  78  7:20  Medivac  
  78  7:22  Marine  
  84  7:25  SCV  
  84  7:26  SCV  
  86  7:34  Marine  
  86  7:35  Marine  
  84  7:37  SCV  
  84  7:38  SCV  
  86  7:55  SCV  
  86  7:56  Marine  
  85  7:59  Marauder  
  85  8:00  Marine  
  76  8:10  Marine  
  56  8:14  SCV x2, Marine  
  56  8:16  Siege Tank  
  56  8:17  Marine  
  57  8:20  Marauder  
  57  8:22  Command Center  
  57  8:23  Terran Infantry Weapons Level 1  
  57  8:26  SCV  
  60  8:29  SCV  
  60  8:33  Marine  
  60  8:34  Marine  
  63  8:37  Starport Reactor  
  63  8:38  Barracks  
  63  8:41  Marine x2  
  63  8:44  SCV  
  66  8:50  Barracks  
  66  8:51  Marine x2  
  68  8:58  Siege Tank  
  68  8:59  SCV, Marine  
  68  9:00  Marine  
  74  9:09  Marine x2  
  76  9:11  Supply Depot  
  76  9:12  Supply Depot  
  76  9:15  Medivac  
  76  9:16  Medivac  
  80  9:17  Marine  
  80  9:18  Marine  
  82  9:29  Barracks Reactor  
  82  9:30  Marine x2  
  84  9:35  Siege Tank  
  84  9:36  Supply Depot, Orbital Command, Marine  
  88  9:41  Refinery  
  88  9:43  Refinery  
  88  9:46  Supply Depot  
  88  9:48  Marine x2  
  88  9:52  Marine, Barracks Reactor  
  91  9:59  Orbital Command, Marine  
  92  10:03  Medivac  
  92  10:06  Marine  
  95  10:07  Marine  
  95  10:12  Marine  
  97  10:14  Marine x2  
  97  10:18  Marine  
  97  10:21  Terran Infantry Armor Level 1  
  100  10:22  SCV  
  100  10:23  Marine  
  100  10:25  SCV x2  
  104  10:28  Marine  
  104  10:30  Marine x2  
  104  10:33  Marine  
  104  10:34  Marine x2  
  110  10:36  Marine  
  110  10:37  Siege Tank  
  110  10:40  SCV x2  
  110  10:41  Marine  
  117  10:46  Marine  
  117  10:48  Marine x2  
  120  10:52  Marine  
  120  10:54  Supply Depot x2  
  120  10:56  Marine  
  123  10:57  SCV  
  123  10:59  Marine x2  
  123  11:02  Supply Depot, Marine  
  126  11:11  Marine x2  
  122  11:20  Marine x2  
  122  11:25  Marine  
  97  11:26  Marine x2  
  97  11:27  Siege Tank  
  97  11:29  Marine x3  
  97  11:30  SCV  
  104  11:38  SCV x2, Marine x2  
  99  11:42  Marine, Barracks  
  96  11:48  Marine x4  
  96  11:49  Marauder  
  99  11:58  Marine  
  99  11:59  Marine  
  99  12:00  SCV x2  
  99  12:01  Marine  
  99  12:04  Armory  
  99  12:06  Marine  
  99  12:07  Engineering Bay  
  100  12:09  Medivac  
  100  12:14  Marine x3  
  105  12:16  Marine  
  105  12:19  Siege Tank  
  105  12:21  SCV  
  110  12:25  Marine  
  110  12:27  SCV  
  110  12:29  Medivac  
  114  12:31  Barracks Tech Lab  
  114  12:35  Barracks  
  114  12:39  Medivac  
  114  12:43  Marine  
  117  12:48  SCV x2  
  119  12:52  Marine x5  
  119  12:53  Marine x2  
  119  12:54  Siege Tank  
  119  12:58  SCV  
  130  13:00  Marine  
  130  13:01  Marine  
  133  13:05  SCV, Refinery x2  
  133  13:11  Marauder  
  135  13:18  Marine x2  
  137  13:20  Marine  
  137  13:23  Marine x2  
  137  13:24  Barracks Reactor, Marine  
  137  13:26  Siege Tank  
  144  13:31  Marine  
  144  13:32  Marine  
  140  13:34  Marine  
  140  13:35  Marine  
  140  13:40  Marine x2  
  125  13:42  Marine x2  
  125  13:43  SCV  
  128  13:49  Marauder  
  128  13:52  Supply Depot  
  130  13:55  Marine  
  130  13:56  Marauder x2, Marine  
  130  13:57  SCV  
  130  13:58  Marine x2  
  130  14:00  Marine  
Tags
 
Add a new tag
Caveats
  • Supply blocks, unpowered buildings, or Contaminate may cause inaccurate times.
  • Supply counts are checked every 10 seconds.